Map: Seeds of Aiur

Players

Fadut

  • Race: Protoss Protoss
  • League: Gold
  • Spawn Location: 1:00

Quka

  • Race: Zerg Zerg
  • League: Platinum
  • Spawn Location: 1:00

BizMac - Winner!

  • Race: Zerg Zerg
  • Spawn Location: 7:00

ILIEKEGGPIE - Winner!

  • Race: Protoss Protoss
  • League: Platinum
  • Spawn Location: 7:00

VOD

Have the link to the VOD?

Description

Time

  • Played on: April 6, 2018, 12:23 p.m.
  • Length: 8:55
Show
View Real Time Build Order
Export as new Build Order

Fadut Protoss 

Build Orders:  

Get SALT Encoding   

  12  0:00  Probe  
  13  0:16  Pylon  
  13  0:19  Probe  
  14  0:40  Gateway  
  14  0:45  Probe (Chrono Boost)  
  14  0:48  Assimilator  
  15  0:54  Probe (Chrono Boost)  
  16  1:09  Probe  
  17  1:14  Pylon  
  17  1:21  Probe  
  18  1:27  Zealot  
  20  1:33  Probe  
  20  1:35  Cybernetics Core  
  21  1:53  Pylon  
  21  1:54  Zealot  
  21  1:57  Forge  
  23  2:17  Probe  
  24  2:26  Pylon  
  24  2:30  Gateway  
  24  2:31  Gateway  
  24  2:35  Zealot  
  26  2:45  Probe  
  26  2:47  Warp Gate (Chrono Boost)  
  27  2:58  Assimilator  
  27  3:02  Zealot  
  29  3:34  Stalker  
  29  3:35  Stalker x2  
  35  3:44  Nexus  
  35  4:48  Pylon  
  35  4:51  Pylon, Probe  
  36  5:03  Stalker x2  
  36  5:04  Zealot  
  42  5:10  Probe  
  43  5:22  Probe (Chrono Boost), Photon Cannon  
  43  5:24  Probe (Chrono Boost)  
  45  5:33  Probe (Chrono Boost)  
  45  5:34  Probe (Chrono Boost)  
  45  5:35  Pylon  
  47  5:41  Pylon  
  47  5:50  Stargate  
  47  5:59  Nexus  
  47  6:02  Pylon  
  47  6:05  Probe x2  
  49  6:17  Probe x2  
  49  6:18  Pylon  
  51  6:35  Probe  
  51  6:36  Probe  
  53  6:48  Probe  
  53  6:49  Assimilator  
  54  6:55  Probe  
  54  7:00  Probe  
  57  7:10  Probe (Chrono Boost)  
  57  7:12  Probe (Chrono Boost)  
  59  7:16  Probe (Chrono Boost)  
  59  7:21  Assimilator  
  60  7:23  Probe (Chrono Boost)  
  60  7:26  Probe (Chrono Boost)  
  60  7:28  Probe (Chrono Boost)  
  60  7:29  Stalker x3  
  68  7:36  Gateway  
  68  7:37  Gateway  
  68  7:38  Gateway  
  68  7:40  Probe  
  69  7:48  Probe  
  70  7:56  Stalker x2  
  70  7:57  Stalker  
  68  8:00  Probe  
  47  8:33  Stalker x2  
  47  8:34  Stalker x3  
  54  8:35  Stalker  
Show
View Real Time Build Order
Export as new Build Order

Quka Zerg 

Build Orders: Pool First 

Get SALT Encoding   

  12  0:01  Drone  
  13  0:13  Overlord  
  13  0:18  Drone  
  14  0:31  Drone x2  
  16  0:44  Spawning Pool  
  16  0:47  Drone  
  16  1:11  Hatchery  
  16  1:14  Drone  
  16  1:31  Zergling x6  
  19  1:36  Queen  
  21  1:46  Overlord  
  21  2:21  Drone x3  
  24  2:25  Extractor  
  24  2:27  Queen  
  25  2:43  Overlord  
  25  2:46  Hatchery  
  23  3:12  Hatchery  
  22  3:13  Drone x4  
  22  3:16  Drone  
  26  3:29  Roach Warren  
  25  3:36  Spine Crawler  
  23  3:50  Zergling x2  
  24  3:56  Spine Crawler  
  23  4:03  Zergling x4  
  23  4:05  Drone  
  23  4:06  Drone x2  
  25  4:23  Queen  
  26  4:31  Roach  
  28  4:32  Drone  
  28  4:45  Drone x3  
  30  4:46  Drone  
  32  4:55  Spine Crawler  
  31  5:00  Drone x2  
  33  5:13  Roach x3  
  39  5:19  Spine Crawler  
  39  5:20  Drone  
  39  5:24  Extractor  
  39  5:27  Drone  
  39  5:28  Drone  
  40  5:33  Queen  
  42  5:43  Drone  
  42  5:44  Drone x2  
  42  5:46  Drone x2  
  47  5:54  Drone x3  
  52  5:57  Roach  
  52  6:01  Overlord  
  52  6:06  Queen  
  54  6:14  Lair  
  54  6:29  Drone x3  
  57  6:38  Drone x3  
  57  6:39  Drone  
  62  6:40  Drone x2  
  62  6:43  Overlord x3  
  63  6:52  Metabolic Boost  
  63  7:01  Spine Crawler  
  63  7:03  Drone x2  
  63  7:05  Drone  
  63  7:06  Drone x7  
  72  7:09  Extractor  
  72  7:15  Infestation Pit  
  70  7:18  Spire  
  70  7:21  Glial Reconstitution  
  69  7:23  Drone x5  
  69  7:29  Roach x2  
  75  7:37  Roach, Zergling x4  
  75  7:38  Zergling x12  
  85  7:48  Extractor  
  84  7:52  Extractor  
  84  7:56  Extractor  
  80  8:00  Zergling x10  
  80  8:01  Zergling x10  
  84  8:12  Roach x2, Zergling x6  
  76  8:13  Roach x3, Zergling x4  
  76  8:30  Spine Crawler  
  76  8:31  Spine Crawler  
  76  8:33  Spine Crawler x2  
  56  8:35  Spine Crawler  
Show
View Real Time Build Order
Export as new Build Order

BizMac Zerg - Winner!

Build Orders: Pool First 

Get SALT Encoding   

  12  0:03  Drone  
  13  0:08  Drone  
  14  0:18  Overlord  
  14  0:36  Drone x3  
  17  0:45  Extractor  
  16  0:51  Spawning Pool, Drone  
  16  1:01  Drone  
  17  1:23  Hatchery, Drone  
  17  1:32  Drone  
  18  1:39  Queen  
  20  1:48  Overlord  
  20  1:58  Metabolic Boost  
  20  2:01  Drone  
  20  2:03  Drone  
  22  2:21  Zergling x4  
  24  2:32  Overlord  
  24  2:35  Queen  
  26  2:41  Drone x2  
  28  2:49  Overlord  
  28  2:50  Drone  
  28  2:51  Drone  
  30  2:54  Drone  
  31  3:03  Zergling x6  
  34  3:31  Lair  
  34  3:33  Extractor  
  33  3:38  Drone x2  
  33  3:39  Drone x6  
  40  3:54  Zergling x4  
  42  4:11  Drone x5  
  42  4:12  Drone x3  
  47  4:33  Drone x4  
  50  4:42  Extractor x2  
  48  4:48  Roach Warren  
  48  4:50  Hydralisk Den  
  48  4:52  Spore Crawler, Drone x2  
  48  4:59  Spore Crawler  
  46  5:10  Hatchery  
  45  5:20  Drone x3  
  45  5:21  Drone x3  
  51  5:31  Glial Reconstitution  
  51  5:33  Grooved Spines  
  51  5:37  Evolution Chamber  
  51  5:40  Evolution Chamber  
  49  5:43  Drone  
  49  5:47  Zergling x4  
  49  5:49  Overlord x2  
  52  5:50  Overlord  
  52  5:55  Spore Crawler  
  51  6:02  Overlord  
  51  6:03  Overlord  
  51  6:07  Zergling x2  
  51  6:08  Zergling x6  
  51  6:09  Zergling x2  
  56  6:16  Queen  
  58  6:19  Roach x2  
  58  6:20  Roach  
  64  6:28  Queen  
  64  6:29  Roach  
  64  6:30  Roach x6  
  80  6:38  Zerg Ground Armor Level 1, Zerg Missile Weapons Level 1  
  80  6:44  Muscular Augments  
  80  6:51  Overlord  
  80  7:00  Hydralisk x3  
  80  7:01  Hydralisk x5  
  96  7:10  Roach  
  96  7:11  Roach x3  
  101  7:31  Overlord x4  
  101  7:39  Hydralisk  
  101  7:40  Hydralisk  
  101  7:42  Overlord x2  
  100  8:04  Hydralisk x3  
  100  8:05  Roach x4  
  109  8:23  Roach x3, Hydralisk  
  109  8:24  Roach x2  
Show
View Real Time Build Order
Export as new Build Order

ILIEKEGGPIE Protoss - Winner!

Build Orders:  

Get SALT Encoding   

  12  0:00  Probe  
  13  0:13  Probe  
  14  0:18  Pylon  
  14  0:25  Probe (Chrono Boost)  
  15  0:38  Probe (Chrono Boost)  
  16  0:43  Probe (Chrono Boost)  
  16  0:44  Gateway  
  17  0:54  Probe (Chrono Boost)  
  18  0:59  Assimilator  
  18  1:03  Assimilator  
  18  1:06  Probe (Chrono Boost)  
  19  1:15  Probe (Chrono Boost)  
  19  1:16  Pylon  
  20  1:20  Probe  
  21  1:33  Probe  
  21  1:37  Cybernetics Core  
  22  1:45  Probe  
  23  1:50  Assimilator  
  23  1:57  Probe  
  24  2:17  Nexus  
  24  2:21  Warp Gate  
  23  2:26  Stalker (Chrono Boost)  
  25  2:42  Gateway  
  25  2:48  Gateway  
  25  2:58  Stalker (Chrono Boost)  
  27  3:07  Pylon  
  25  3:21  Robotics Facility  
  25  3:28  Stalker (Chrono Boost)  
  25  3:33  Sentry (Chrono Boost)  
  29  3:34  Probe  
  29  3:35  Probe  
  31  3:51  Stalker  
  31  3:53  Probe  
  34  3:56  Probe  
  35  4:05  Probe  
  35  4:08  Probe  
  35  4:09  Observer  
  38  4:20  Probe (Chrono Boost)  
  38  4:21  Probe (Chrono Boost)  
  40  4:30  Probe (Chrono Boost)  
  42  4:32  Probe (Chrono Boost)  
  42  4:35  Probe (Chrono Boost)  
  43  4:38  Immortal  
  49  4:47  Probe x2 (Chrono Boost)  
  49  4:49  Pylon  
  49  4:52  Assimilator, Probe (Chrono Boost)  
  49  4:54  Probe (Chrono Boost)  
  49  4:58  Assimilator  
  51  5:01  Probe  
  51  5:03  Sentry  
  55  5:07  Probe  
  55  5:09  Pylon  
  55  5:11  Pylon  
  55  5:18  Immortal  
  55  5:19  Probe  
  60  5:34  Gateway  
  60  5:40  Gateway  
  60  5:43  Gateway  
  60  5:48  Forge  
  60  5:54  Immortal (Chrono Boost)  
  64  6:19  Stalker x3, Protoss Ground Weapons Level 1 (Chrono Boost)  
  70  6:26  Immortal (Chrono Boost)  
  70  6:29  Probe x2  
  76  6:42  Pylon  
  76  6:45  Pylon  
  76  6:59  Immortal (Chrono Boost)  
  80  7:10  Pylon  
  80  7:11  Pylon  
  80  7:12  Pylon  
  80  7:17  Stalker x3, Sentry  
  80  7:18  Sentry  
  80  7:19  Pylon  
  80  7:21  Nexus  
  90  7:36  Immortal  
  94  7:41  Stalker x3  
  94  7:42  Sentry  
  98  8:13  Stalker  
  98  8:14  Stalker x5  
  110  8:22  Probe x2  
  112  8:34  Probe  
  113  8:53  Stalker x5  
Tags
 
Add a new tag
Caveats
  • Supply blocks, unpowered buildings, or Contaminate may cause inaccurate times.
  • Supply counts are checked every 10 seconds.